 Dungeon Crawl Stone Soup version 0.19-a0-1109-g16db51f (webtiles) character file.

228 Jmtri7 the Chopper (level 5, -11/42 HPs)
             Began as a Demigod Fighter on Aug 9, 2016.
             Mangled by an ogre
             ... wielding a +0 giant spiked club
              (23 damage)
             ... on level 4 of the Dungeon.
             The game lasted 00:05:07 (2570 turns).

Jmtri7 the Chopper (Demigod Fighter)                Turns: 2570, Time: 00:05:09

Health: -11/42     AC: 10    Str: 21    XL:     5   Next: 42%
Magic:  7/7        EV:  5    Int: 12    God:
Gold:   133        SH:  9    Dex: 17    Spells: 0 memorised, 4 levels left

rFire  . . .     SeeInvis .     a - +0 war axe
rCold  . . .     Gourm    .     g - +0 chain mail
rNeg   . . .     Faith    .     c - +0 shield
rPois  .         Spirit   .     o - +0 helmet
rElec  .         Dismiss  .     (no cloak)
rCorr  .         Reflect  .     (no gloves)
SustAt +         Harm     .     (no boots)
MR     .....                    (no amulet)
Stlth  ..........               (no ring)
                                (no ring)

@:
A: talons 1, thin skeletal structure 1, high mp 1, subdued magic 1, sustain
attributes
a: no special abilities


You were on level 4 of the Dungeon.
You were hungry.

You visited 1 branch of the dungeon, and saw 5 of its levels.

You collected 133 gold pieces.

Inventory:

Hand Weapons
 a - a +0 war axe (weapon)
Armour
 c - a +0 shield (worn)
 g - a +0 chain mail (worn)
 o - a +0 helmet (worn)
Scrolls
 e - 2 scrolls of identify {unknown}
 h - a scroll of fear {unknown}
 k - 2 scrolls of teleportation {unknown}
 l - 3 scrolls of remove curse {unknown}
 m - a scroll of magic mapping {unknown}
 q - a scroll of blinking {unknown}
 r - a scroll of fog {unknown}
 u - a scroll of random uselessness {unknown}
Potions
 d - 3 potions of might
 i - a potion of mutation
 p - a potion of curing {unknown}
 s - a potion of flight {unknown}
 t - a potion of berserk rage {unknown}
Comestibles
 b - 3 fruits
 f - 5 bread rations
 j - a beef jerky
 n - a slice of pizza


   Skills:
 - Level 2.6 Fighting
 + Level 5.5 Axes
 - Level 2.6 Armour
 - Level 2.6 Shields


You had 4 spell levels left.
You didn't know any spells.

Dungeon Overview and Level Annotations

Branches:
Dungeon (5/15)
 Temple: D:4-7

Annotations:
D:3 Robin
D:4 Edmund


Innate Abilities, Weirdness & Mutations

You have an increased reservoir of magic. (+10% MP)
Your attributes are resistant to harm.
You have sharp toenails.
You have a somewhat thin skeletal structure. (Dex +2, Stealth)
Your spells are a little easier to cast, but a little less powerful.


Message History

You block the ogre's attack.
The orc wizard mumbles some strange words.
The orc wizard flickers and vanishes!
Deactivating autopickup; reactivate with Ctrl-A.
You closely miss something. You claw something.
Your chain mail prevents you from hitting the orc.
You barely miss the ogre. The orc hits you but does no damage.
The ogre barely misses you. You block something's attack.
The orc hits you with a short sword.
* * * LOW HITPOINT WARNING * * *
Your shield and chain mail prevent you from hitting something.
You completely miss the orc. You hit the ogre. You block the ogre's attack.
Something hits you but does no damage. The orc barely misses you.
You hit something but do no damage. You hit the orc but do no damage.
You slash the ogre! Something hits you but does no damage.
The orc hits you with a short sword.
* * * LOW HITPOINT WARNING * * *
The ogre hits you with a giant spiked club!!
Ouch! That really hurt!
You die...

......# #...............#
......#####..#.....##.#..#
.#[##........#...........#
##.#......................
...#.#######.###.##.......
####......... #.# ....
#..###### #.# .. #..# #O#
#..# #@# ####..# #...r.o#
..##..# #.....o# .......
#......# ...... #......#
...... ####...# .......#
l...# .......# .....#
.......#


You could see an ogre, 2 orcs, a giant gecko (wandering) and a quokka.

Vanquished Creatures
  Jessica (D:3)
  Terence (D:2)
  3 worker ants (D:4)
  2 adders
  An ooze (D:1)
  A worm (D:2)
  A dart slug (D:3)
  6 giant geckos
  3 orcs
  2 bats
  4 giant cockroaches
  5 hobgoblins
  12 jackals
  3 kobolds
  A ball python (D:3)
  4 giant newts
  14 goblins
  6 rats
70 creatures vanquished.

Notes
Turn   | Place    | Note
-------+----------+-------------------------------------------
     0 | D:1      | Jmtri7 the Demigod Fighter began the quest for the Orb.
     0 | D:1      | Reached XP level 1. HP: 18/18 MP: 3/3
    13 | D:1      | Reached skill level 2 in Axes
   108 | D:1      | Reached XP level 2. HP: 12/25 MP: 4/4
   412 | D:1      | Reached skill level 3 in Axes
   992 | D:2      | Reached XP level 3. HP: 22/30 MP: 5/5
  1397 | D:2      | Noticed Terence
  1407 | D:2      | Killed Terence
  1407 | D:2      | Reached skill level 4 in Axes
  1624 | D:2      | Reached XP level 4. HP: 37/37 MP: 6/6
  1756 | D:3      | Noticed Jessica
  1765 | D:3      | Killed Jessica
  1782 | D:3      | Noticed Robin
  1830 | D:4      | Reached skill level 5 in Axes
  1830 | D:4      | Reached XP level 5. HP: 3/42 MP: 7/7
  1831 | D:4      | Gained mutation: You have sharp toenails. [potion of mutation]
  1831 | D:4      | Gained mutation: Your spells are a little easier to cast, but a little less powerful. [potion of mutation]
  1831 | D:4      | Gained mutation: You have a somewhat thin skeletal structure. (Dex +2, Stealth) [potion of mutation]
  1832 | D:4      | HP: 2/42 [poisoned by a worker ant]
  1840 | D:4      | HP: 1/42 [poisoned by a worker ant]
  2376 | D:4      | Noticed Edmund
  2423 | D:5      | Entered Level 5 of the Dungeon
  2523 | D:5      | Noticed an ogre
  2570 | D:4      | Mangled by an ogre

Vault maps used:
D:1:      lightli_arrival_boilingwater
D:2:      kennysheep_generic_room_2, uniq_terence
D:3:      grunt_pakellas_basics, lemuel_coloured_pillars_altar, uniq_jessica,
          uniq_robin
D:4:      zin_angel, serial_curves, eino_curves_02, eino_curves_01, first_bread,
          uniq_edmund
D:5:      lemuel_blue_sif_altar

Skill      XL: |  1  2  3  4 |
---------------+-------------+-----
Axes           | 2 3 4 5 |  5.5
Fighting       | |  2.6
Armour         | |  2.6
Shields        | |  2.6

Action                   |  1- 3 |  4- 6 || total
-------------------------+-------+-------++-------
Melee: War axe           |   111 |    99 ||   210
       Kick              |       |    17 ||    17
  Use: Potion            |       |     2 ||     2
  Eat: Chunk             |     2 |     3 ||     5
Armor: Scale mail        |    54 |    32 ||    86
       Chain mail        |       |    10 ||    10
Dodge: Dodged            |    35 |    32 ||    67
Block: Shield            |    52 |    69 ||   121
